 Dungeon Crawl Stone Soup version 0.25-a0-869-g05d4e06a41 (webtiles) character file.

Game seed: 17614902044406287899, levelgen mode: deterministic

81 Maedhros the Sneak (level 4, -6/28 HPs)
             Began as an Octopode Artificer on May 1, 2020.
             Killed from afar by an orc wizard (9 damage)
             ... with a puff of flame
             ... on level 4 of the Dungeon.
             The game lasted 00:02:43 (468 turns).

Maedhros the Sneak (Octopode Artificer)              Turns: 468, Time: 00:02:45

Health: -6/28      AC:  1    Str: 11    XL:     4   Next: 42%
Magic:  6/6        EV: 13    Int: 13    God:
Gold:   38         SH:  0    Dex: 13    Spells: 3/3 levels left

rFire    . . .     SeeInvis .   l - +1 dagger (vamp)
rCold    . . .     Gourm    .   (no shield)
rNeg     . . .     Faith    .   (helmet restricted)
rPois    .         Spirit   .   (no amulet)
rElec    .         Reflect  .   (no ring)
rCorr    .         Harm     .   (no ring)
MR       .....                  (no ring)
Stlth    +++.......             (no ring)
HPRegen  0.09/turn              (no ring)
MPRegen  0.10/turn              (no ring)
                                (no ring)
                                (no ring)

@: lethally poisoned (-6 -> -9)
A: almost no armour, stealthy swim, amphibious, 8 rings, constrict 8, camouflage
1, gelatinous body 1
a: no special abilities


You were on level 4 of the Dungeon.
You were not hungry.

You visited 1 branch of the dungeon, and saw 4 of its levels.

You collected 38 gold pieces.

Inventory:

Hand Weapons
 a - a +0 short sword
 l - a +1 vampiric dagger (weapon)
Armour
 i - a +0 buckler
Wands
 b - a wand of flame (15)
 c - a wand of enslavement (13)
 d - a wand of random effects (13)
Scrolls
 e - a scroll of fog {unknown}
 j - 2 scrolls of remove curse {unknown}
 k - 2 scrolls of magic mapping {unknown}
Comestibles
 f - 3 rations


   Skills:
 - Level 1.0 Fighting
 - Level 1.0 Short Blades
 - Level 2.0 Dodging
 - Level 4.0 Stealth
 + Level 2.8 Unarmed Combat
 - Level 3.2 Evocations


You had 3 spell levels left.
You didn't know any spells.
Your spell library was empty.

Dungeon Overview and Level Annotations

Branches:
Dungeon (4/15)
 Temple: D:4-7

Altars:
Kikubaaqudgha


Innate Abilities, Weirdness & Mutations

You cannot wear most types of armour.
You are very stealthy in the water. (Stealth+)
You are amphibious.
You can wear up to eight rings at the same time.
You can use your tentacles to constrict eight enemies at once.
Your skin changes colour to match your surroundings (Stealth+).
Your rubbery body absorbs attacks. (AC +1, EV +1)


Message History

You're too confused!
You're too confused to move!
You're too confused to move!
You hear some strange, mumbled words.
A puff of flame appears from out of thin air!
The puff of flame misses you.
You bump into the rock wall.
You feel sick. Something hits you.
* * * LOW HITPOINT WARNING * * *
You feel less confused.
Evoke which item? (* to show all) (? for menu, Esc to quit)
Aiming: Enslavement
Press: ? - help, Shift-Dir - straight line, f - orc wizard
Aim: an orc wizard, wielding a +0 dagger and wearing a +0 robe (chance to defeat MR: 55%) Nothing appears to happen.
The orc wizard casts a spell.
The orc wizard flickers and vanishes!
You hear some strange, mumbled words.
A puff of flame appears from out of thin air!
The puff of flame hits you!
You die... .o# oo#

#o# # #.# .%. #.#
..oo.##o### ....o..o.o#
#
.....o###o#######.#####
..... #.{o.o{@.......
###. #.############# #
...# ##.## .. ###


You could see 2 orc wizards and an orc.

Vanquished Creatures
  A worker ant (D:4)
  An adder (D:3)
  A worm (D:2)
  A dart slug (D:2)
  2 leopard geckos (D:3)
  4 orcs (D:3)
  2 goblins (D:2)
  2 hobgoblins
  9 jackals
  5 kobolds
  A bat (D:2)
  A frilled lizard (D:3)
  5 rats (D:2)
35 creatures vanquished.

Vanquished Creatures (collateral kills)
  A rat (D:2)
1 creature vanquished.

Grand Total: 36 creatures vanquished

Notes
Turn   | Place    | Note
-------+----------+-------------------------------------------
     0 | D:1      | Maedhros the Octopode Artificer began the quest for the
                  | Orb.
     0 | D:1      | Reached XP level 1. HP: 13/13 MP: 3/3
    68 | D:2      | Reached skill level 2 in Stealth
    88 | D:2      | Reached skill level 3 in Stealth
    88 | D:2      | Reached XP level 2. HP: 17/18 MP: 4/4
   127 | D:2      | Found an ancient bone altar of Kikubaaqudgha.
   222 | D:2      | Reached skill level 4 in Stealth
   228 | D:2      | Reached XP level 3. HP: 6/23 MP: 5/5
   359 | D:3      | Reached skill level 1 in Unarmed Combat
   458 | D:4      | Reached XP level 4. HP: 18/28 MP: 6/6
   468 | D:4      | Killed from afar by an orc wizard

Levels and vault maps discovered:
D:1:      kennysheep_arrival_seaside, layout_loops_cross
D:2:      layout_rooms, overflow_temple_1_default, first_ration,
          minmay_misc_feat_cross
D:3:      layout_basic, tso_metal_star
D:4:      layout_loops_ring, lemuel_doored_altar, serial_shops,
          kennysheep_mini_moat, minmay_misc_feat_room, uniq_menkaure,
          uniq_natasha

Skill      XL: |  1  2  3 |
---------------+----------+-----
Stealth        | 3 4 |  4.0
Unarmed Combat | 2 |  2.8
Fighting       | |  1.0
Short Blades   | |  1.0
Dodging        | |  2.0
Evocations     | |  3.2

Action                   |  1- 3 |  4- 6 || total
-------------------------+-------+-------++-------
Melee: Short sword       |    36 |       ||    36
       Constrict         |    20 |       ||    20
       Tentacles         |    14 |       ||    14
       Dagger            |    36 |       ||    36
Evoke: Wand              |     3 |     1 ||     4
  Use: Potion            |     1 |     1 ||     2
 Stab: Paralysed         |     3 |       ||     3
       Sleeping          |     2 |       ||     2
Armor: Skin              |     2 |       ||     2
Dodge: Dodged            |    35 |     1 ||    36

Table legend:
 A = Non-vault XP
 B = Vault XP
 C = Vault XP percentage of total XP
 D = Non-vault monster count
 E = Vault monster count
 F = Vault count percentage of total count
                 A         B        C        D         E       F
            +---------+---------+-------+---------+---------+-------
      Total |     117 |       0 |   0.0 |      36 |       0 |   0.0
            +---------+---------+-------+---------+---------+-------
        D:1 |       2 |       0 |   0.0 |       1 |       0 |   0.0
        D:2 |      37 |       0 |   0.0 |      21 |       0 |   0.0
        D:3 |      42 |       0 |   0.0 |      13 |       0 |   0.0
        D:4 |      36 |       0 |   0.0 |       1 |       0 |   0.0
            +---------+---------+-------+---------+---------+-------
